 Dungeon Crawl Stone Soup version 0.24.1 (webtiles) character file.

Game seed: 13243374065258931009, levelgen mode: deterministic

392 H0rd4k the Ducker (level 7, 0/50 HPs)
             Began as a Human Artificer on Mar 27, 2020.
             Slain by an adder (4 damage)
             ... on level 4 of the Dungeon.
             The game lasted 00:06:36 (5191 turns).

H0rd4k the Ducker (Human Artificer)                 Turns: 5191, Time: 00:06:37

Health: 0/50       AC:  4    Str: 14    XL:     7   Next: 8%
Magic:  9/9        EV: 13    Int: 11    God:
Gold:   161        SH:  0    Dex: 14    Spells: 6/6 levels left

rFire    . . .     SeeInvis .   y - +1 dagger (freeze)
rCold    . . .     Gourm    .   (no shield)
rNeg     . . .     Faith    .   b - +0 leather armour
rPois    .         Spirit   .   o - +0 helmet
rElec    .         Reflect  .   (no cloak)
rCorr    .         Harm     .   (no gloves)
MR       .....                  (no boots)
Stlth    +.........             (no amulet)
HPRegen  0.16/turn              (no ring)
MPRegen  0.11/turn              (no ring)

@: no status effects
A: no striking features
a: no special abilities


You were on level 4 of the Dungeon.
You were not hungry.

You visited 1 branch of the dungeon, and saw 5 of its levels.

You collected 161 gold pieces.

Inventory:

Hand Weapons
 a - a +0 short sword
 n - a +0 dagger of freezing
 y - a +1 dagger of freezing (weapon)
Missiles
 k - 25 poisoned darts (quivered)
Armour
 b - a +0 leather armour (worn)
 o - a +0 helmet (worn)
Jewellery
 x - an uncursed ring of fire
 A - an uncursed ring of fire
 C - an uncursed amulet of rage {unknown}
Wands
 c - a wand of flame (6)
 d - a wand of enslavement (6)
 e - a wand of random effects (10)
Scrolls
 g - a scroll of enchant armour {unknown}
 i - 3 scrolls of random uselessness {unknown}
 m - a scroll of noise {unknown}
 s - 3 scrolls of remove curse {unknown}
 u - a scroll of identify {unknown}
 v - a scroll of magic mapping {unknown}
 w - a scroll of teleportation {unknown}
Potions
 h - 2 potions of resistance {unknown}
 j - 2 potions of cancellation {unknown}
 l - 3 potions of curing {unknown}
 p - a potion of brilliance {unknown}
 q - a potion of degeneration {unknown}
 t - 2 potions of berserk rage {unknown}
 z - a potion of haste {unknown}
Comestibles
 f - 6 rations


   Skills:
 + Level 2.1 Fighting
 + Level 3.0 Short Blades
 + Level 0.3 Throwing
 + Level 3.0 Armour
 + Level 4.1 Dodging
 + Level 1.1 Stealth
 + Level 3.8 Evocations


You had 6 spell levels left.
You didn't know any spells.
Your spell library was empty.

Dungeon Overview and Level Annotations

Branches:
Dungeon (5/15)
 Temple: D:4-7

Altars:
Elyvilon
Xom
Zin
The Shining One

Annotations:
D:2 exclusion: downstairs
D:3 exclusion: 2 downstairs
D:4 Menkaure
D:5 exclusion: upstairs


Message History

The adder is moderately wounded.
The adder completely misses you.
Your worker ant closely misses the adder.
You hit the adder.
The adder seems to slow down.
You freeze the adder.
The adder is severely wounded.
Your worker ant barely misses the adder.
The adder bites you.
* * * LOW HITPOINT WARNING * * *
You miss the adder.
The adder is severely wounded.
Your worker ant misses the adder.
You closely miss the adder.
The adder is severely wounded.
The adder bites you.
* * * LOW HITPOINT WARNING * * *
Your worker ant closely misses the adder.
You barely miss the adder.
The adder is severely wounded.
The adder is no longer moving slowly.
The adder bites you.
You die...

#.# #.#......#.#...#
#. #.#
#.#.#....#.#...# #.
#.# #.#.#.##.#.#...#
#. #.# #........#...#
#. #.# #....#.###...#
#. #.# #............#
##
#.#####.#............#
#(..M........%a......#
######.......@S....###
.............#
......#......#
#######......#
#......# ########


You could see an adder and a friendly worker ant.

Vanquished Creatures
  A bullfrog zombie (D:3)
  A hound (D:3)
  2 orc wizards (D:4)
  Jessica (D:3)
  A worker ant (D:4)
  Robin (D:2)
  A gnoll (D:2)
  5 adders
  An ooze (D:3)
  A dart slug (D:3)
  A worm (D:3)
  A leopard gecko (D:3)
  5 orcs
  6 bats
  6 giant cockroaches
  15 goblins
  6 hobgoblins
  3 jackals
  3 quokkas
  A ball python (D:4)
  6 frilled lizards
  7 kobolds
  4 rats
79 creatures vanquished.

Vanquished Creatures (collateral kills)
  2 scorpions (D:5)
  An orc wizard (D:5)
  2 gnolls (D:2)
  2 leopard geckos (D:5)
  6 orcs (D:5)
  A ball python skeleton (D:5)
14 creatures vanquished.

Vanquished Creatures (others)
  A centaur (D:5)
  A worker ant (D:5)
  A gnoll (D:2)
3 creatures vanquished.

Grand Total: 96 creatures vanquished

Notes
Turn   | Place    | Note
-------+----------+-------------------------------------------
     0 | D:1      | H0rd4k the Human Artificer began the quest for the Orb.
     0 | D:1      | Reached XP level 1. HP: 15/15 MP: 3/3
   151 | D:1      | Reached XP level 2. HP: 16/21 MP: 4/4
   706 | D:2      | Reached XP level 3. HP: 18/26 MP: 5/5
  1444 | D:2      | Reached XP level 4. HP: 32/32 MP: 6/6
  1490 | D:2      | Noticed Robin
  1535 | D:1      | Reached skill level 1 in Armour
  1983 | D:2      | Killed Robin
  2796 | D:3      | Reached XP level 5. HP: 35/37 MP: 7/7
  2874 | D:3      | Found a glowing golden altar of the Shining One.
  3027 | D:3      | Reached skill level 3 in Dodging
  3212 | D:3      | Found a glowing silver altar of Zin.
  3212 | D:3      | Found a white marble altar of Elyvilon.
  3231 | D:3      | Found a shimmering altar of Xom.
  3231 | D:3      | Found a glowing golden altar of the Shining One.
  3591 | D:3      | Noticed Jessica
  3602 | D:3      | Killed Jessica
  3712 | D:4      | Reached XP level 6. HP: 22/44 MP: 8/8
  3747 | D:4      | Found the +7 Kryia's mail coat {PotionHeal*2 rC+}
  5102 | D:4      | Noticed Menkaure
  5125 | D:4      | Noticed a hungry ghost
  5128 | D:5      | Entered Level 5 of the Dungeon
  5152 | D:5      | Reached skill level 4 in Dodging
  5152 | D:5      | Reached XP level 7. HP: 13/50 MP: 9/9
  5191 | D:4      | Slain by an adder

Levels and vault maps discovered:
D:1:      tarquinn_simple_flora_water_c, layout_basic, st_stairs_5,
          dk_noncrumbling_4
D:2:      layout_basic, uniq_robin
D:3:      layout_loops_ring, grunt_temple_overflow_cloverleaf, first_ration,
          ebering_dispersal_statue_hall, nicolae_tso_swordbearing_angel,
          uniq_jessica
D:4:      layout_basic, uniq_menkaure
D:5:      layout_cave_pools

Skill      XL: |  1  2  3  4  5  6 |
---------------+-------------------+-----
Armour         | 1 2 3 |  3.0
Short Blades   | 2 3 |  3.0
Dodging        | 3 4 |  4.1
Fighting       | 2 |  2.1
Throwing       | |  0.3
Stealth        | |  1.1
Evocations     | |  3.8

Action                   |  1- 3 |  4- 6 |  7- 9 || total
-------------------------+-------+-------+-------++-------
Melee: Short sword       |   100 |    31 |       ||   131
       Dagger            |       |   275 |     5 ||   280
Throw: Dart              |       |     6 |       ||     6
Evoke: Wand              |     4 |    17 |     2 ||    23
  Use: Potion            |       |     1 |       ||     1
  Eat: Chunk             |     1 |     9 |       ||    10
       Ration            |       |     1 |       ||     1
Armor: Leather armour    |    39 |    55 |       ||    94
Dodge: Dodged            |    81 |   198 |     1 ||   280
